 Dungeon Crawl Stone Soup version 0.24.0-13-gcf9b319 (webtiles) character file.

Game seed: 15405350343786063452, levelgen mode: deterministic

1720 Fortress the Destroyer (level 8, -4/63 HPs)
             Began as a White Draconian Conjurer on Jan 17, 2020.
             Slain by an orc warrior
             ... wielding a +0 flail of draining
              (24 damage)
             ... on level 6 of the Dungeon.
             The game lasted 00:28:09 (6995 turns).

Fortress the Destroyer (White Draconian Conjurer)   Turns: 6995, Time: 00:28:10

Health: -4/63      AC:  9    Str: 10    XL:     8   Next: 75%
Magic:  13/26      EV: 12    Int: 19    God:
Gold:   386        SH:  0    Dex: 11    Spells: 12/19 levels left

rFire    . . .     SeeInvis .   d - +3 dagger (elec)
rCold    + . .     Gourm    .   (no shield)
rNeg     . . .     Faith    .   (armour unavailable)
rPois    .         Spirit   .   k - +2 hat
rElec    .         Reflect  .   (no cloak)
rCorr    .         Harm     .   (no gloves)
MR       .....                  y - +0 pair of boots
Stlth    ++........             C - amulet of rage
HPRegen  0.20/turn              p - ring of flight
MPRegen  0.20/turn              B - ring of magical power

@: drained
A: breathe frost, unfitting armour, cold resistance 1, cold-blooded, AC +6
a: Breathe Frost, Evoke Berserk Rage, Evoke Flight


You were on level 6 of the Dungeon.
You were very hungry.

You visited 1 branch of the dungeon, and saw 6 of its levels.

You collected 386 gold pieces.

Inventory:

Hand Weapons
 d - a +3 dagger of electrocution (weapon)
 m - a +0 hand crossbow
 G - a +4 scythe of venom
Missiles
 g - 15 poisoned darts (quivered)
Armour
 k - a +2 hat (worn)
 y - a +0 pair of boots (worn)
Magical Staves
 E - an uncursed staff of earth
Jewellery
 p - a ring of flight (left hand)
 B - a ring of magical power (right hand)
 C - an amulet of rage (around neck)
 I - an uncursed ring of fire
Wands
 w - a wand of paralysis (9)
 H - a wand of flame (15)
Scrolls
 a - a scroll of enchant weapon
 e - a scroll of magic mapping
 j - a scroll of amnesia
 o - 3 scrolls of teleportation
 s - 5 scrolls of remove curse
 t - a scroll of identify
 u - 2 scrolls of enchant armour
 A - 2 scrolls of fear {unknown}
 D - a scroll of summoning {unknown}
 F - a scroll of noise {unknown}
Potions
 c - 2 potions of berserk rage {unknown}
 f - a potion of lignification {unknown}
 h - 3 potions of heal wounds {unknown}
 i - 2 potions of flight {unknown}
 l - 2 potions of cancellation {unknown}
 n - a potion of mutation {unknown}
 q - a potion of haste {unknown}
 r - 3 potions of curing
 v - 3 potions of brilliance
 x - 2 potions of might {unknown}
 z - 2 potions of degeneration {unknown}
Comestibles
 b - 6 rations


   Skills:
 * Level 3.5(2.8) Fighting
 - Level 2.0(1.4) Dodging
 - Level 2.0(1.3) Stealth
 - Level 6.1(5.4) Spellcasting
 + Level 9.4(8.6) Conjurations


You had 12 spell levels left.
You knew the following spells:

 Your Spells              Type           Power        Failure   Level  Hunger
a - Magic Dart            Conj           ####         1%          1    None
b - Searing Ray           Conj           #####.       1%          2    None
c - Iskenderun's Mystic   Conj           #####...     3%          4    ####...

Your spell library contained the following spells:

 Spells                   Type           Power        Failure   Level  Hunger
 Dazzling Spray           Conj/Hex       ###...       6%          3    ##.....
 Force Lance              Conj/Tloc      ###.....     21%         4    ####...
 Fulminant Prism          Conj/Hex       ###.......   21%         4    ####...


Dungeon Overview and Level Annotations

Branches:
Dungeon (6/15)             Temple (0/1) D:6

Altars:
Elyvilon
Fedhas
Hepliaklqana
Kikubaaqudgha
Nemelex Xobeh
Qazlal
Ru
Sif Muna
Wu Jian
The Shining One

Annotations:
D:5 3 runed translucent doors, ohno's ghost, novice VSBe
D:6 3 runed translucent doors, southernslant's ghost, novice MfSk


Innate Abilities, Weirdness & Mutations

You can breathe waves of freezing cold.
You can buffet flying creatures when you breathe cold.
Your icy white scales are hard. (AC +6)
You cannot fit into any form of body armour.
Your flesh is cold resistant. (rC+)
You are cold-blooded and may be slowed by cold attacks.


Message History

The orc warrior is moderately wounded. (Press . to maintain the ray.)
The orc warrior hits you with a +0 flail of draining!
You feel drained. The orc closely misses you.
The orc warrior barely misses you.
Casting: Searing Ray (safe; 1% risk of failure)
Confirm with . or Enter, or press ? or * to list all spells.
Aiming: Searing Ray (safe; 1% risk of failure)
Press: ? - help, Shift-Dir - straight line, f/p - orc warrior
Aim: an orc warrior, wielding a +0 flail of draining and wearing a +0 chain mail (moderately wounded)
The searing ray hits the orc warrior but does no damage.
The orc warrior is moderately wounded. (Press . to maintain the ray.)
The searing ray hits the orc.
The orc is heavily wounded.
The orc warrior barely misses you. The orc barely misses you.
The searing ray hits the orc!
You kill the orc!
The orc warrior hits you with a +0 flail of draining!!
You die...

.. ..# ##+## #.# #(#.#
### #.# #>###(#.# #.#
#....)..# ##.##
#####.### # #####...##
#.# #.# #...>....# #.#
.. #.###...#######.#
##.##.#.####..........#
.....)[.[@...##########
#########o...# ######


You could see an orc warrior.

Vanquished Creatures
  Sigmund (D:6)
  Duvessa (D:4)
  An ice beast (D:5)
  A phantom (D:4)
  A centaur (D:6)
  An ogre (D:5)
  Blork the orc (D:5)
  A wyvern zombie (D:6)
  2 scorpions
  Dowan (D:4)
  A water moccasin zombie (D:5)
  2 crimson imps
  A bullfrog zombie (D:6)
  A hound (D:6)
  A centaur skeleton (D:6)
  3 orc priests
  4 orc wizards (D:5)
  Jessica (D:2)
  A worker ant (D:5)
  4 iguanas
  A howler monkey skeleton (D:5)
  8 gnolls (D:5)
  6 adders
  An ooze (D:5)
  An adder skeleton (D:6)
  3 worms
  3 dart slugs (D:2)
  2 leopard geckos (D:2)
  15 orcs
  10 bats
  2 giant cockroaches
  10 goblins
  7 hobgoblins
  18 jackals
  3 quokkas
  2 ball pythons
  5 frilled lizards
  2 jackal skeletons (D:4)
  6 kobolds
  A quokka skeleton (D:6)
  3 rats
139 creatures vanquished.

Vanquished Creatures (others)
  A fungus (D:5)
  2 plants (D:5)
3 creatures vanquished.

Grand Total: 142 creatures vanquished

Notes
Turn   | Place    | Note
-------+----------+-------------------------------------------
     0 | D:1      | Fortress the Draconian Conjurer began the quest for the
                  | Orb.
     0 | D:1      | Reached XP level 1. HP: 14/14 MP: 3/3
   443 | D:1      | Reached XP level 2. HP: 20/20 MP: 1/5
  1379 | D:2      | Learned a level 2 spell: Searing Ray
  1434 | D:2      | Reached XP level 3. HP: 26/26 MP: 0/6
  1499 | D:2      | Noticed Jessica
  1520 | D:2      | Killed Jessica
  1581 | D:2      | Reached skill level 5 in Conjurations
  1677 | D:2      | Reached XP level 4. HP: 33/33 MP: 4/7
  2512 | D:3      | Reached XP level 5. HP: 38/38 MP: 6/9
  2830 | D:3      | Found a hazy altar of Hepliaklqana.
  2832 | D:3      | Found an ancient bone altar of Kikubaaqudgha.
  2839 | D:3      | Found a shimmering blue altar of Sif Muna.
  2839 | D:3      | Found a stormy altar of Qazlal.
  2839 | D:3      | Found a white marble altar of Elyvilon.
  2839 | D:3      | Found a blossoming altar of Fedhas.
  2840 | D:3      | Found an ornate altar of the Wu Jian Council.
  2841 | D:3      | Found a sparkling altar of Nemelex Xobeh.
  2842 | D:3      | Found a glowing golden altar of the Shining One.
  3623 | D:4      | Noticed a phantom
  3642 | D:4      | Killed a phantom
  3642 | D:4      | Reached skill level 6 in Conjurations
  3642 | D:4      | Reached XP level 6. HP: 28/45 MP: 1/12
  4081 | D:4      | Noticed Dowan
  4083 | D:4      | Noticed Duvessa
  4090 | D:4      | Killed Dowan
  4097 | D:4      | Killed Duvessa
  4097 | D:4      | Your scales start taking on an icy white colour.
  4097 | D:4      | Reached XP level 7. HP: 24/50 MP: 4/14
  4097 | D:4      | Gained mutation: Your flesh is cold resistant. (rC+) [White
                  | Draconian growth]
  4426 | D:5      | Entered Level 5 of the Dungeon
  4435 | D:5      | Reached skill level 5 in Spellcasting
  4542 | D:5      | Reached skill level 7 in Conjurations
  4808 | D:5      | Learned a level 4 spell: Iskenderun's Mystic Blast
  5037 | D:5      | Found a runed translucent gate.
  5039 | D:5      | Found a runed translucent gate.
  5039 | D:5      | Noticed ohno's ghost (novice VSBe)
  5065 | D:5      | Found a runed translucent gate.
  5193 | D:5      | Found a sacrificial altar of Ru.
  5246 | D:5      | Reached XP level 8. HP: 43/57 MP: 10/17
  5345 | D:5      | Noticed Blork the orc
  5356 | D:5      | Killed Blork the orc
  5457 | D:5      | Reached skill level 1 in Fighting
  5457 | D:5      | Reached skill level 8 in Conjurations
  6087 | D:6      | Found a staircase to the Ecumenical Temple.
  6088 | D:6      | Noticed Sigmund
  6115 | D:6      | Killed Sigmund
  6430 | D:6      | Noticed southernslant's ghost (novice MfSk)
  6470 | D:6      | Found a runed translucent gate.
  6470 | D:6      | Found a runed translucent gate.
  6562 | D:6      | Found a runed translucent gate.
  6633 | D:6      | Reached skill level 9 in Conjurations
  6995 | D:6      | Slain by an orc warrior

Levels and vault maps discovered:
D:1:      arrival_zaba_pyramid, layout_basic
D:2:      layout_basic, uniq_jessica
D:3:      layout_basic, minitemple, first_ration, serial_glass, glass_columns_c,
          glass_columns_b, glass_columns_c, glass_columns_a, glass_columns_b,
          glass_columns_a, minmay_strange_pillars, minmay_strange_pillars,
          feat_on_display, due_unseen_surprise, corexii_corridor_pit,
          kennysheep_generic_room_7
D:4:      layout_loops_ring, uniq_duvessa
D:5:      layout_loops_corners, gammafunk_ghost_nasty_kobolds, basic_altar,
          uniq_blork_the_orc
D:6:      layout_loops_corners, kennysheep_little_box,
          minmay_temple_entry_arrows, gammafunk_ghost_split, minivault_23,
          chequers_garden, uniq_sigmund

Skill      XL: |  1  2  3  4  5  6  7  8 |
---------------+-------------------------+-----
Stealth        | 2 |  2.0
Dodging        | 2 |  2.0
Conjurations   | 5 6 7 9 |  9.4
Spellcasting   | 3 4 6 |  6.1
Fighting       | 3 |  3.5

Action                   |  1- 3 |  4- 6 |  7- 9 || total
-------------------------+-------+-------+-------++-------
Melee: Unarmed           |     6 |       |       ||     6
       Tailslap          |     2 |     3 |     4 ||     9
       Dagger            |    16 |    28 |    23 ||    67
 Cast: Magic Dart        |    60 |   126 |   117 ||   303
       Searing Ray       |       |     7 |    27 ||    34
 Abil: Breathe Frost     |       |       |     3 ||     3
  Use: Scroll            |       |     8 |     3 ||    11
  Eat: Chunk             |     3 |     4 |     5 ||    12
       Ration            |       |     1 |     1 ||     2
Armor: Skin              |     8 |    14 |    55 ||    77
Dodge: Dodged            |    18 |    36 |    94 ||   148
